TOP OF THE 1ST |
Eau Claire Esquires batting - Pitching for Chula Vista Tacos : RHP Carlos Trujillo
|
Pitching: RHP Carlos Trujillo
|
|
Batting: LHB Manny Salazar
|
0-0: Called Strike 0-1: Foul Ball, location: 2F 0-2: Ball 1-2: Ball 2-2: Ball 3-2: Base on Balls
|
Batting: RHB Norm Francis
|
0-0: Ball 1-0: Foul Ball, location: 2F 1-1: Foul Ball, location: 2F 1-2: SINGLE (Groundball, 6M) Manny Salazar to second
|
Batting: LHB Howard Lambert
|
0-0: Ball 1-0: Called Strike 1-1: Ball 2-1: Ball 3-1: Fielders Choice at 2nd, 5-4 (Groundball, 56) Manny Salazar to third
|
Batting: RHB Seiji Kouno
|
0-0: Ball 1-0: SINGLE (Line Drive, 6M) Manny Salazar scores Howard Lambert to second
|
Batting: RHB Roberto García
|
0-0: Ball 1-0: Ball 2-0: Ball 3-0: Called Strike 3-1: SINGLE (Line Drive, 9LM) Howard Lambert to third Seiji Kouno to second Runner from 3rd tries for Home, SAFE, no throw or cutoff
|
Batting: SHB António De La Cruz
|
0-0: Called Strike 0-1: Ball 1-1: Foul Ball, location: 2F 1-2: Fly out, F8 (Flyball, 8LM)
|
Batting: LHB John Frost
|
0-0: Called Strike 0-1: Hit by Pitch Seiji Kouno to third Roberto García to second
|
Batting: RHB Carlos Rea
|
0-0: Ball 1-0: Foul Ball, location: 2F 1-1: Foul Ball, location: 2F 1-2: Strikes out looking
|
Top of the 1st over - 2 run(s), 3 hit(s), 0 error(s), 3 left on base; Eau Claire 2 - Chula Vista 0 |
BOTTOM OF THE 1ST |
Chula Vista Tacos batting - Pitching for Eau Claire Esquires : RHP Carlos Pacheco
|
Pitching: RHP Carlos Pacheco
|
|
Batting: RHB Ricardo Guzmán
|
0-0: Called Strike 0-1: Foul Ball, location: 2F 0-2: Ball 1-2: Foul Ball, location: 2F 1-2: Foul Ball, location: 2F 1-2: Foul Ball, location: 2F 1-2: Foul Ball, location: 2F 1-2: Ball 2-2: Foul Ball, location: 2F 2-2: Foul Ball, location: 2F 2-2: Strikes out swinging
|
Batting: RHB John Nelson
|
0-0: Foul Ball, location: 2F 0-1: Foul Ball, location: 2F 0-2: Ball 1-2: Strikes out swinging
|
Batting: RHB Luis Martínez
|
0-0: Called Strike 0-1: Foul Ball, location: 2F 0-2: Ball 1-2: Strikes out looking
|
Bottom of the 1st over - 0 run(s), 0 hit(s), 0 error(s), 0 left on base; Eau Claire 2 - Chula Vista 0 |
TOP OF THE 2ND |
Eau Claire Esquires batting - Pitching for Chula Vista Tacos : RHP Carlos Trujillo
|
Batting: RHB José Ruíz
|
0-0: Ball 1-0: Reached on error, E5 (Groundball, 5L)
|
Batting: LHB Manny Salazar
|
0-0: Ball 1-0: Ball 2-0: Ball 3-0: Called Strike 3-1: Called Strike 3-2: Foul Ball, location: 2F 3-2: Strikes out looking
|
Batting: RHB Norm Francis
|
0-0: Called Strike 0-1: SINGLE (Groundball, 6MD) José Ruíz to second Runner from 2nd tries for 3rd, SAFE, no throw or cutoff
|
Batting: LHB Howard Lambert
|
0-0: Called Strike Norm Francis is caught stealing 2nd base 0-1: Foul Ball, location: 2F 0-2: Ball 1-2: Foul Ball, location: 2F 1-2: Ball 2-2: Strikes out looking
|
Top of the 2nd over - 0 run(s), 1 hit(s), 1 error(s), 1 left on base; Eau Claire 2 - Chula Vista 0 |
BOTTOM OF THE 2ND |
Chula Vista Tacos batting - Pitching for Eau Claire Esquires : RHP Carlos Pacheco
|
Batting: RHB Griswold Coleman
|
0-0: Called Strike 0-1: Ground out 4-3 (Groundball, 13)
|
Batting: LHB Ray Bryant
|
0-0: Ball 1-0: Called Strike 1-1: Foul Ball, location: 2F 1-2: Ball 2-2: Strikes out looking
|
Batting: RHB Hirotaka Shibata
|
0-0: Ball 1-0: Foul Ball, location: 2F 1-1: Ball 2-1: Foul Ball, location: 2F 2-2: Strikes out swinging
|
Bottom of the 2nd over - 0 run(s), 0 hit(s), 0 error(s), 0 left on base; Eau Claire 2 - Chula Vista 0 |
TOP OF THE 3RD |
Eau Claire Esquires batting - Pitching for Chula Vista Tacos : RHP Carlos Trujillo
|
Batting: RHB Seiji Kouno
|
0-0: Foul Ball, location: 2F 0-1: Ball 1-1: Called Strike 1-2: Foul Ball, location: 2F 1-2: Ball 2-2: Foul Ball, location: 2F 2-2: Foul Ball, location: 2F 2-2: Ball 3-2: Strikes out swinging
|
Batting: RHB Roberto García
|
0-0: Ball 1-0: Foul Ball, location: 2F 1-1: Foul Ball, location: 2F 1-2: Ball 2-2: Strikes out swinging
|
Batting: SHB António De La Cruz
|
0-0: Called Strike 0-1: Swinging Strike 0-2: Strikes out swinging
|
Top of the 3rd over - 0 run(s), 0 hit(s), 0 error(s), 0 left on base; Eau Claire 2 - Chula Vista 0 |
BOTTOM OF THE 3RD |
Chula Vista Tacos batting - Pitching for Eau Claire Esquires : RHP Carlos Pacheco
|
Batting: LHB Alberto Santos
|
0-0: Ball 1-0: Ground out 4-3 (Groundball, 4)
|
Batting: RHB Doug Brown
|
0-0: Called Strike 0-1: Foul Ball, location: 2F 0-2: Ball 1-2: Fly out, F8 (Flyball, 8RM)
|
Batting: SHB Michael Aisher
|
0-0: Foul Ball, location: 2F 0-1: Ball 1-1: Foul Ball, location: 2F 1-2: Ball 2-2: Ball 3-2: Base on Balls
|
Batting: RHB Ricardo Guzmán
|
0-0: Ball 1-0: Ball 2-0: Foul Ball, location: 2F 2-1: Ball 3-1: Swinging Strike 3-2: Strikes out looking
|
Bottom of the 3rd over - 0 run(s), 0 hit(s), 0 error(s), 1 left on base; Eau Claire 2 - Chula Vista 0 |
TOP OF THE 4TH |
Eau Claire Esquires batting - Pitching for Chula Vista Tacos : RHP Carlos Trujillo
|
Batting: LHB John Frost
|
0-0: Bunted foul 0-1: Ball 1-1: Ball 2-1: Ground out 4-3 (Groundball, 34)
|
Batting: RHB Carlos Rea
|
0-0: SINGLE (Groundball, 56)
|
Batting: RHB José Ruíz
|
0-0: Ball 1-0: Swinging Strike 1-1: SINGLE (Groundball, 56D) Carlos Rea to second
|
Batting: LHB Manny Salazar
|
0-0: Ball 1-0: Called Strike 1-1: Ball 2-1: Called Strike 2-2: Strikes out swinging
|
Batting: RHB Norm Francis
|
0-0: Ball 1-0: Called Strike 1-1: SINGLE (Groundball, 6M) (infield hit) Carlos Rea to third José Ruíz to second
|
Batting: LHB Howard Lambert
|
0-0: Ball 1-0: Called Strike 1-1: Ball 2-1: Ground out 4-3 (Groundball, 4)
|
Top of the 4th over - 0 run(s), 3 hit(s), 0 error(s), 3 left on base; Eau Claire 2 - Chula Vista 0 |
BOTTOM OF THE 4TH |
Chula Vista Tacos batting - Pitching for Eau Claire Esquires : RHP Carlos Pacheco
|
Batting: RHB John Nelson
|
0-0: Ball 1-0: Called Strike 1-1: Foul Ball, location: 2F 1-2: Ball 2-2: Ball 3-2: Foul Ball, location: 2F 3-2: Base on Balls
|
Batting: RHB Luis Martínez
|
0-0: Ball 1-0: Fly out, F8 (Line Drive, 8LM)
|
Batting: RHB Griswold Coleman
|
0-0: Called Strike John Nelson steals 2nd base 0-1: Foul Ball, location: 2F 0-2: Ball 1-2: Ball 2-2: SINGLE (Groundball, 34) John Nelson to third Runner from 3rd tries for Home, SAFE, throw made home
|
Batting: LHB Ray Bryant
|
0-0: Called Strike 0-1: Foul Ball, location: 2F 0-2: Strikes out swinging
|
Batting: RHB Hirotaka Shibata
|
0-0: Called Strike 0-1: Foul Ball, location: 2F 0-2: Ball 1-2: Ball 2-2: 2-RUN HOME RUN (Flyball, 78XD), Distance : 419 ft
|
Batting: LHB Alberto Santos
|
0-0: Called Strike 0-1: DOUBLE (Line Drive, 89M)
|
Batting: RHB Doug Brown
|
0-0: Called Strike 0-1: Foul Ball, location: 2F 0-2: Foul Ball, location: 2F 0-2: Foul Ball, location: 2F 0-2: Ball 1-2: Fly out, F7 (Flyball, 78M)
|
Bottom of the 4th over - 3 run(s), 3 hit(s), 0 error(s), 1 left on base; Eau Claire 2 - Chula Vista 3 |
TOP OF THE 5TH |
Eau Claire Esquires batting - Pitching for Chula Vista Tacos : RHP Carlos Trujillo
|
Pitching: RHP Sixto Aguilar
|
|
Batting: RHB Seiji Kouno
|
0-0: Called Strike 0-1: Foul Ball, location: 2F 0-2: Ground out 6-3 (Groundball, 6)
|
Batting: RHB Roberto García
|
0-0: Called Strike 0-1: Foul Ball, location: 2F 0-2: Ball 1-2: Foul Ball, location: 2F 1-2: Fly out, F9 (Flyball, 9LD)
|
Batting: SHB António De La Cruz
|
0-0: Ball 1-0: Called Strike 1-1: Ground out U3 (Groundball, 3L)
|
Top of the 5th over - 0 run(s), 0 hit(s), 0 error(s), 0 left on base; Eau Claire 2 - Chula Vista 3 |
BOTTOM OF THE 5TH |
Chula Vista Tacos batting - Pitching for Eau Claire Esquires : RHP Carlos Pacheco
|
Batting: SHB Michael Aisher
|
0-0: Ball 1-0: Swinging Strike 1-1: Foul Ball, location: 2F 1-2: Ground out 6-3 (Groundball, 6)
|
Batting: RHB Ricardo Guzmán
|
0-0: Hit by Pitch
|
Batting: RHB John Nelson
|
0-0: Ball 1-0: Foul Ball, location: 2F Pickoff Throw to First - Error! E1 Ricardo Guzmán to second 1-1: Ball 2-1: Fly out, F9 (Flyball, 89M)
|
Pitching: RHP Armando Torres
|
|
Batting: RHB Luis Martínez
|
0-0: Ball 1-0: Swinging Strike 1-1: Foul Ball, location: 2F 1-2: Ball 2-2: Ball 3-2: Strikes out swinging
|
Bottom of the 5th over - 0 run(s), 0 hit(s), 1 error(s), 1 left on base; Eau Claire 2 - Chula Vista 3 |
TOP OF THE 6TH |
Eau Claire Esquires batting - Pitching for Chula Vista Tacos : RHP Sixto Aguilar
|
Batting: LHB John Frost
|
0-0: Called Strike 0-1: Foul Ball, location: 2F 0-2: Fly out, F7 (Flyball, 7M)
|
Batting: RHB Carlos Rea
|
0-0: Ball 1-0: Called Strike 1-1: Ball 2-1: Fly out, F4 (Popup, 34)
|
Batting: RHB José Ruíz
|
0-0: Ball 1-0: Foul Ball, location: 2F 1-1: Ball 2-1: Ball 3-1: Foul Ball, location: 2F 3-2: Ground out 2-3 (Groundball, 23)
|
Top of the 6th over - 0 run(s), 0 hit(s), 0 error(s), 0 left on base; Eau Claire 2 - Chula Vista 3 |
BOTTOM OF THE 6TH |
Chula Vista Tacos batting - Pitching for Eau Claire Esquires : RHP Armando Torres
|
Batting: RHB Griswold Coleman
|
0-0: Ball 1-0: Foul Ball, location: 2F 1-1: SINGLE (Groundball, 3D)
|
Batting: LHB Ray Bryant
|
0-0: Ball 1-0: Called Strike 1-1: SINGLE (Line Drive, 56) Griswold Coleman to second
|
Batting: RHB Hirotaka Shibata
|
0-0: Called Strike 0-1: Ball 1-1: Ball 2-1: Ball 3-1: Base on Balls Griswold Coleman to third Ray Bryant to second
|
Batting: LHB Alberto Santos
|
0-0: Called Strike 0-1: SINGLE (Groundball, 4M) (infield hit) Griswold Coleman scores Ray Bryant to third Hirotaka Shibata to second
|
Batting: RHB Doug Brown
|
0-0: Called Strike 0-1: Swinging Strike 0-2: Ball 1-2: Strikes out swinging
|
Batting: SHB Michael Aisher
|
0-0: Swinging Strike 0-1: Fielders Choice at 2nd, 4-6 (Groundball, 34) Ray Bryant scores Hirotaka Shibata to third
|
Batting: RHB Ricardo Guzmán
|
0-0: Ball 1-0: Ball 2-0: Called Strike 2-1: SINGLE (Flyball, 89S) Hirotaka Shibata scores Michael Aisher to second Runner from 2nd tries for 3rd, SAFE, no throw or cutoff
|
Pitching: RHP Sean Bass
|
|
Batting: RHB John Nelson
|
0-0: Swinging Strike 0-1: Ball Ricardo Guzmán steals 2nd base 1-1: Ball 2-1: Ground out 5-3 (Groundball, 56S)
|
Bottom of the 6th over - 3 run(s), 4 hit(s), 0 error(s), 2 left on base; Eau Claire 2 - Chula Vista 6 |
TOP OF THE 7TH |
Eau Claire Esquires batting - Pitching for Chula Vista Tacos : RHP Sixto Aguilar
|
Pitching: LHP Domingo Benítez
|
|
Batting: LHB Manny Salazar
|
0-0: SOLO HOME RUN (Flyball, 7D), Distance : 380 ft
|
Batting: RHB Norm Francis
|
0-0: Foul Ball, location: 2F 0-1: Ball 1-1: Ball 2-1: Ball 3-1: Base on Balls
|
Batting: LHB Howard Lambert
|
0-0: Called Strike 0-1: Foul Ball, location: 2F 0-2: Ball 1-2: SINGLE (Groundball, 3D) Norm Francis to second Runner from 2nd tries for 3rd, SAFE, no throw or cutoff
|
Batting: RHB Seiji Kouno
|
0-0: Called Strike 0-1: Ball 1-1: Ball 2-1: Fly out, F8 (Flyball, 8LM) Runner from 3rd tags up, SCORES, no throw
|
Batting: RHB Roberto García
|
0-0: Ball 1-0: Reached on error, E5 (Groundball, 5S) Howard Lambert to second
|
Batting: SHB António De La Cruz
|
0-0: Called Strike 0-1: Ball 1-1: Swinging Strike 1-2: Ball 2-2: Ball 3-2: Base on Balls Howard Lambert to third Roberto García to second
|
Pitching: LHP Brock Saunders
|
|
Pinch Hitting: RHB Tony Vázquez
|
0-0: Ball 1-0: Ball 2-0: Ball 3-0: Called Strike 3-1: SINGLE (Line Drive, 7S) Howard Lambert scores Roberto García to third António De La Cruz to second
|
Pitching: RHP Jody Clemente
|
|
Pinch Hitting: LHB Edwin Ryan
|
0-0: Ball 1-0: Called Strike 1-1: Called Strike 1-2: Foul Ball, location: 2F 1-2: Ball Wild Pitch! Roberto García scores António De La Cruz to third Tony Vázquez to second 2-2: Ball 3-2: Intentional Walk
|
Pinch Hitting: SHB Tim Johnson
|
0-0: Swinging Strike 0-1: Ball 1-1: Ball 2-1: Swinging Strike 2-2: Foul Ball, location: 2F 2-2: Ball 3-2: Foul Ball, location: 2F 3-2: Base on Balls António De La Cruz scores Tony Vázquez to third Edwin Ryan to second
|
Batting: LHB Manny Salazar
|
0-0: Ball 1-0: SINGLE (Groundball, 4MD) Tony Vázquez scores Edwin Ryan to third Tim Johnson to second Runner from 3rd tries for Home, SAFE, throw made home
|
Batting: RHB Norm Francis
|
0-0: Called Strike 0-1: Ball 1-1: Ball 2-1: Grounds into double play, 6-4-3 (Groundball, 6)
|
Top of the 7th over - 7 run(s), 4 hit(s), 1 error(s), 1 left on base; Eau Claire 9 - Chula Vista 6 |
BOTTOM OF THE 7TH |
Chula Vista Tacos batting - Pitching for Eau Claire Esquires : RHP Sean Bass
|
Now at 3B: Herb Bunch
|
|
Now at SS: Tim Johnson
|
|
Now in RF: Edwin Ryan
|
|
Batting: RHB Luis Martínez
|
0-0: Foul Ball, location: 2F 0-1: Swinging Strike 0-2: Ball 1-2: Strikes out looking
|
Batting: RHB Griswold Coleman
|
0-0: Ball 1-0: Foul Ball, location: 2F 1-1: Ground out 5-3 (Groundball, 56)
|
Batting: LHB Ray Bryant
|
0-0: Called Strike 0-1: Swinging Strike 0-2: Strikes out swinging
|
Bottom of the 7th over - 0 run(s), 0 hit(s), 0 error(s), 0 left on base; Eau Claire 9 - Chula Vista 6 |
TOP OF THE 8TH |
Eau Claire Esquires batting - Pitching for Chula Vista Tacos : RHP Jody Clemente
|
Batting: LHB Howard Lambert
|
0-0: Ball 1-0: Ball 2-0: Foul Ball, location: 2F 2-1: Fly out, F7 (Flyball, 7S)
|
Batting: RHB Seiji Kouno
|
0-0: Ground out 4-3 (Groundball, 4M)
|
Batting: RHB Roberto García
|
0-0: Ball 1-0: Called Strike 1-1: Fly out, F8 (Line Drive, 8LM)
|
Top of the 8th over - 0 run(s), 0 hit(s), 0 error(s), 0 left on base; Eau Claire 9 - Chula Vista 6 |
BOTTOM OF THE 8TH |
Chula Vista Tacos batting - Pitching for Eau Claire Esquires : RHP Sean Bass
|
Batting: RHB Hirotaka Shibata
|
0-0: DOUBLE (Line Drive, 5D)
|
Pitching: RHP Francisco Anaya
|
|
Batting: LHB Alberto Santos
|
0-0: Ball 1-0: Ball 2-0: Ball 3-0: Called Strike 3-1: Ground out 4-3 (Groundball, 4M) Hirotaka Shibata to third
|
Batting: RHB Doug Brown
|
0-0: Ball 1-0: Called Strike 1-1: Swinging Strike 1-2: Strikes out looking
|
Batting: SHB Michael Aisher
|
0-0: Ball 1-0: Called Strike 1-1: Foul Ball, location: 2F 1-2: Foul Ball, location: 2F 1-2: Strikes out swinging
|
Bottom of the 8th over - 0 run(s), 1 hit(s), 0 error(s), 1 left on base; Eau Claire 9 - Chula Vista 6 |
TOP OF THE 9TH |
Eau Claire Esquires batting - Pitching for Chula Vista Tacos : RHP Jody Clemente
|
Batting: SHB António De La Cruz
|
0-0: Ball 1-0: SINGLE (Line Drive, 34)
|
Batting: RHB Herb Bunch
|
0-0: Bunt missed! 0-1: Sac Bunt - play at first, batter OUT! 5-4 António De La Cruz to second
|
Batting: LHB Edwin Ryan
|
0-0: Intentional Walk
|
Batting: SHB Tim Johnson
|
0-0: Foul Ball, location: 2F 0-1: Ball 1-1: SINGLE (Groundball, 3S) António De La Cruz to third Edwin Ryan to second
|
Batting: LHB Manny Salazar
|
0-0: Called Strike 0-1: Ball 1-1: Called Strike 1-2: Ball 2-2: Strikes out swinging
|
Pitching: LHP Nesto Pérez
|
|
Batting: RHB Norm Francis
|
0-0: Swinging Strike 0-1: Called Strike 0-2: Ball 1-2: Strikes out swinging
|
Top of the 9th over - 0 run(s), 2 hit(s), 0 error(s), 3 left on base; Eau Claire 9 - Chula Vista 6 |
BOTTOM OF THE 9TH |
Chula Vista Tacos batting - Pitching for Eau Claire Esquires : RHP Francisco Anaya
|
Pitching: RHP Kyle Horton
|
|
Batting: RHB Ricardo Guzmán
|
0-0: Hit by Pitch
|
Batting: RHB John Nelson
|
0-0: Ball 1-0: Ball 2-0: Ball 3-0: Called Strike 3-1: Grounds into double play, 6-4-3 (Groundball, 6)
|
Batting: RHB Luis Martínez
|
0-0: Swinging Strike 0-1: Called Strike 0-2: Ball 1-2: Ball 2-2: SINGLE (Flyball, 89S)
|
Batting: RHB Griswold Coleman
|
0-0: Ground out 5-3 (Groundball, 56S)
|
Bottom of the 9th over - 0 run(s), 1 hit(s), 0 error(s), 1 left on base; Eau Claire 9 - Chula Vista 6 |
|